 Dungeon Crawl Stone Soup version 0.28-a0-883-gc8d7bad45d (webtiles) character file.

Game seed: 11858200952134349262

7707 IdlyInterested the Blocker (level 11, -2/75 HPs)
             Began as a Formicid Artificer on Nov 21, 2021.
             Was a Priest of Qazlal.
             Slain by a six-headed hydra (9 damage)
             ... on level 1 of the Lair of Beasts.
             The game lasted 00:46:54 (13243 turns).

IdlyInterested the Blocker (Formicid Artificer)    Turns: 13243, Time: 00:46:55

Health: -2/75      AC:  9    Str: 22    XL:     11   Next: 42%
Magic:  14/14      EV: 11    Int: 15    God:    Qazlal [***...]
Gold:   654        SH: 19    Dex: 11    Spells: 14/14 levels left

rFire   . . .      SeeInvis +   A - +3 quarterstaff (chaos)
rCold   + . .      Faith    .   s - +0 tower shield
rNeg    . . .      Spirit   .   L - +0 troll leather armour
rPois   .          Reflect  .   (helmet unavailable)
rElec   .          Harm     .   B - +0 cloak
rCorr   .          Rampage  .   C - +2 pair of gloves
Will    +....                   J - +0 pair of boots
Stlth   +.........              (no amulet)
HPRegen 1.22/turn               h - +6 ring of strength
MPRegen 0.14/turn               t - ring of protection from cold

@: no status effects
A: permanent stasis, dig shafts and tunnels, antennae 3, four strong arms
a: Dig, Shaft Self, Renounce Religion, Upheaval, Elemental Force


You were on level 1 of the Lair of Beasts.
You worshipped Qazlal.
Qazlal was most pleased with you.
You visited 3 branches of the dungeon, and saw 11 of its levels.
You also visited: Ossuary.

You collected 654 gold pieces.

Inventory:

Hand Weapons
 x - a +3 dagger of draining
 A - a +3 quarterstaff of chaos (weapon)
 I - a +0 quarterstaff
Missiles
 j - 456 stones
 l - 5 javelins
 m - 3 throwing nets
 q - 52 poisoned darts
 K - 5 boomerangs
Armour
 b - a +0 leather armour
 i - a +0 plate armour
 s - a +0 tower shield (worn)
 w - a +0 kite shield
 B - a +0 cloak (worn)
 C - a +2 pair of gloves (worn)
 E - a +1 robe of resistance
 J - a +0 pair of boots (worn)
 L - a +0 troll leather armour (worn)
Jewellery
 h - a +6 ring of strength (left hand)
 t - a ring of protection from cold (right hand)
 M - a ring of ice
Wands
 c - a wand of flame (23)
 d - a wand of charming (12)
 o - a wand of digging (4)
 u - a wand of polymorph (18)
 G - a wand of acid (22)
 O - a wand of iceblast (3)
Scrolls
 f - 4 scrolls of enchant weapon
 g - a scroll of fear
 r - 2 scrolls of enchant armour
 y - 2 scrolls of magic mapping
 D - 3 scrolls of amnesia
Potions
 k - 6 potions of flight
 n - 2 potions of might
 v - 3 potions of brilliance
 z - 5 potions of curing
 F - 2 potions of magic
 H - 2 potions of cancellation
 N - 2 potions of resistance
Miscellaneous
 a - a lightning rod (inert)
 e - a piece from Xom's chessboard (13/15) (quivered)


   Skills:
 - Level 3.0 Fighting
 * Level 11.4 Staves
 - Level 3.0 Throwing
 - Level 3.0 Armour
 * Level 2.2 Dodging
 - Level 2.0 Stealth
 * Level 11.7 Shields
 - Level 2.0 Spellcasting
 - Level 2.0 Invocations
 - Level 6.1 Evocations


You had 14 spell levels left.
You didn't know any spells.
Your spell library contained the following spells:

 Spells                   Type           Power      Damage    Failure   Level
 Animate Skeleton         Necr           2%         N/A       45%         1
 Pain                     Necr           4%         1d4       45%         1
 Corpse Rot               Necr/Air       2%         N/A       58%         2
 Ensorcelled Hibernation  Hex/Ice        2%         N/A       58%         2
 Scorch                   Fire           2%         2d5       58%         2
 Spider Form              Tmut/Pois      1%         N/A       83%         3
 Vampiric Draining        Necr           1%         2d6       83%         3
 Dispel Undead            Necr           1%         3d6       99%         4
 Flame Wave               Conj/Fire      1%         3d3       99%         4
 Lightning Bolt           Conj/Air       0%         1d11      100%        5
 Death Channel            Necr           0%         N/A       100%        6
 Summon Cactus Giant      Summ           0%         N/A       100%        6
 Maxwell's Capacitive Co  Air            0%         ∞         100%        8
 Swiftness                Air            Unusable   N/A       N/A         3

Dungeon Overview and Level Annotations

Branches:
Dungeon (9/15)             Temple (1/1) D:4            Lair (1/6) D:9
Ossuary (visited)
    Orc: D:9-12

Altars:
Ashenzari
Cheibriados
Dithmenos
Elyvilon
Fedhas
Gozag
Hepliaklqana
Kikubaaqudgha
Makhleb
Nemelex Xobeh
Okawaru
Qazlal
Ru
Sif Muna
Trog
Uskayaw
Vehumet
Wu Jian
Xom
Yredelemnul
Zin
The Shining One

Shops:
D:3 =   D:4 *   D:7 *


Innate Abilities, Weirdness & Mutations

You cannot be hasted, slowed, berserked, paralysed or teleported.
You can dig through walls and to a lower floor.
You have a pair of large antennae on your head. (SInv)
Your four strong arms can wield two-handed weapons with a shield.


Message History

The thunderbolt hits the six-headed hydra!!
The six-headed hydra is heavily wounded.
The lightning rod overheats!
A bullfrog comes into view.
You barely miss the six-headed hydra.
The six-headed hydra is heavily wounded.
The blink frog blinks!
The six-headed hydra bites you but does no damage.
You block the six-headed hydra's attack.
The six-headed hydra bites you. The six-headed hydra bites you!
The six-headed hydra barely misses you.
You block the six-headed hydra's attack.
You block the blink frog's attack. The blink frog hits you!
You hit the six-headed hydra.
You feel better.
The six-headed hydra is heavily wounded.
You block the blink frog's attack. The six-headed hydra barely misses you.
The six-headed hydra bites you! The six-headed hydra bites you.
The six-headed hydra barely misses you.
You block the six-headed hydra's attack.
The six-headed hydra completely misses you.
The blink frog hits you!
* * * LOW HITPOINT WARNING * * *
You sock the six-headed hydra!
The six-headed hydra is severely wounded.
The blink frog hits you but does no damage.
The blink frog hits you!
* * * LOW HITPOINT WARNING * * *
The blink frog blinks!
You block the six-headed hydra's attack.
The six-headed hydra barely misses you.
You block the six-headed hydra's attack.
The six-headed hydra barely misses you.
The six-headed hydra bites you but does no damage.
The six-headed hydra barely misses you.
A blink frog comes into view.
You sock the six-headed hydra!
The six-headed hydra is almost dead.
You block the blink frog's attack. The bullfrog closely misses you.
The six-headed hydra barely misses you. The six-headed hydra bites you!
You die...

.[.... . ..
##....#F##.
#.^.......
#.....#..
#.......
##.....F .##
.#....FF##.....
......D@§.#
........F......
...#......F..##
. ..........##
....#......##
..#####..... .
###.... ##...


You could see a six-headed hydra, 5 blink frogs and a bullfrog.

Vanquished Creatures
  The ghost of RatsInWall the Ogre Mage, a novice OgCj of Vehumet (D:8)
  2 two-headed ogres (D:9)
  Joseph (D:8)
  A troll (D:9)
  Sigmund (D:5)
  2 wraiths (D:7)
  A wyvern (D:9)
  A yak (D:9)
  2 water moccasins
  2 orc warriors
  2 ice beasts
  A black bear (D:5)
  A hornet zombie (D:7)
  4 necrophages
  3 wolves (D:9)
  4 centaurs
  3 ogres
  A phantom (D:4)
  2 kobold brigands
  3 elf zombies (Ossuary)
  A gnoll sergeant (D:8)
  2 scorpions
  2 bullfrogs
  A water moccasin skeleton (D:7)
  A wyvern skeleton (D:7)
  3 killer bees (D:8)
  2 electric eels (D:6)
  5 howler monkeys
  A bullfrog zombie (D:6)
  A centaur zombie (D:5)
  A jelly (D:8)
  Crazy Yiuf (D:3)
  2 human zombies (Ossuary)
  A bullfrog skeleton (D:6)
  7 hounds
  3 orc priests
  Ijyb (D:5)
  Natasha (twice) (D:2)
  Terence (D:2)
  3 iguanas
  An orc wizard (D:4)
  A killer bee zombie (D:9)
  5 mummies (Ossuary)
  A hound zombie (D:5)
  A howler monkey zombie (D:6)
  5 gnolls (D:8)
  A howler monkey skeleton (D:5)
  12 adders
  A shadow imp (D:5)
  6 white imps
  An adder zombie (Ossuary)
  2 adder skeletons
  3 worms
  4 dart slugs
  12 orcs
  5 ball pythons
  7 bats
  6 endoplasms
  2 giant cockroaches
  A gnoll zombie (Ossuary)
  10 goblins
  9 hobgoblins
  2 jackals (D:1)
  10 kobolds
  2 quokkas
  4 frilled lizards
  2 jackal zombies (Ossuary)
  2 kobold zombies (Ossuary)
  An orc zombie (Ossuary)
  9 rats
207 creatures vanquished.

Vanquished Creatures (collateral kills)
  2 yaks (D:9)
  Robin (D:2)
  2 orcs (D:9)
  2 hobgoblins (D:2)
  2 goblins (D:2)
9 creatures vanquished.

Vanquished Creatures (others)
  Natasha (D:2)
  An adder (D:2)
  2 plants (D:6)
4 creatures vanquished.

Grand Total: 220 creatures vanquished

Notes
Turn   | Place    | Note
-------+----------+-------------------------------------------
     0 | D:1      | IdlyInterested the Formicid Artificer began the quest for
                  | the Orb.
     0 | D:1      | Reached XP level 1. HP: 15/15 MP: 1/1
   118 | D:1      | Reached skill level 1 in Dodging
   375 | D:1      | Reached XP level 2. HP: 3/21 MP: 2/2
  1046 | D:1      | Reached XP level 3. HP: 26/26 MP: 3/3
  1870 | D:2      | Noticed Robin
  1902 | D:2      | Noticed Natasha
  1916 | D:2      | Your ally Natasha died
  1925 | D:2      | Killed Robin
  1926 | D:2      | Reached skill level 5 in Evocations
  1926 | D:2      | Reached XP level 4. HP: 4/32 MP: 2/5
  2292 | D:2      | Noticed Terence
  2313 | D:2      | Killed Terence
  2314 | D:2      | Reached skill level 1 in Spellcasting
  2318 | D:2      | Reached XP level 5. HP: 32/37 MP: 2/6
  2573 | D:2      | Found a faded altar of an unknown god.
  2841 | D:2      | Noticed Natasha
  2861 | D:2      | Killed Natasha
  3524 | D:2      | Noticed Natasha
  3541 | D:2      | Killed Natasha
  3756 | D:3      | Reached skill level 1 in Shields
  3824 | D:3      | Reached skill level 1 in Throwing
  3831 | D:3      | Found Dugorab's Jewellery Shop.
  3876 | D:3      | Reached XP level 6. HP: 34/43 MP: 7/7
  4319 | D:3      | Found a runed translucent door.
  4320 | D:3      | Noticed Crazy Yiuf
  4331 | D:3      | Killed Crazy Yiuf
  4563 | D:3      | Found a shimmering blue altar of Sif Muna.
  4673 | D:4      | Found Bacim's Fire Supplies.
  4714 | D:4      | Noticed a necrophage
  4723 | D:4      | Killed a necrophage
  4812 | D:4      | Noticed a necrophage
  4821 | D:4      | Killed a necrophage
  4822 | D:4      | Reached skill level 1 in Staves
  4822 | D:4      | Reached XP level 7. HP: 47/50 MP: 8/8
  5139 | D:4      | Reached skill level 5 in Shields
  5354 | D:4      | Found a staircase to the Ecumenical Temple.
  5401 | D:4      | Reached XP level 8. HP: 56/56 MP: 9/9
  5419 | D:4      | Found a burning altar of Makhleb.
  5627 | Temple   | Entered the Ecumenical Temple
  6032 | Temple   | Became a worshipper of Qazlal Stormbringer
  6095 | D:5      | Entered Level 5 of the Dungeon
  6139 | D:5      | Noticed Ijyb
  6153 | D:5      | Killed Ijyb
  6411 | D:5      | Reached skill level 5 in Staves
  6471 | D:5      | Noticed Sigmund
  6481 | D:5      | Killed Sigmund
  6702 | D:5      | Got the Volume of Feathers
  7221 | D:5      | Reached XP level 9. HP: 40/61 MP: 10/10
  7346 | D:5      | Reached * piety under Qazlal
  7670 | D:6      | Found a transporter.
  7698 | D:6      | Found a sand-covered staircase.
  7705 | Ossuary  | Entered an ossuary
  8435 | D:6      | Found a transporter.
  9397 | D:7      | Reached skill level 1 in Invocations
  9399 | D:7      | Reached ** piety under Qazlal
  9400 | D:7      | Reached XP level 10. HP: 33/67 MP: 13/13
  9818 | D:7      | Found Utuallar's General Store.
  9974 | D:8      | Noticed Joseph
  9991 | D:8      | Killed Joseph
 10199 | D:8      | Reached skill level 10 in Staves
 10730 | D:8      | Found a runed translucent door.
 10730 | D:8      | Noticed RatsInWall's ghost (novice OgCj)
 10756 | D:8      | Killed RatsInWall's ghost
 10757 | D:8      | Reached skill level 10 in Shields
 11755 | D:9      | Noticed a two-headed ogre
 11763 | D:9      | Killed a two-headed ogre
 11764 | D:9      | Reached XP level 11. HP: 60/75 MP: 14/14
 11929 | D:9      | Noticed a two-headed ogre
 11945 | D:9      | Killed a two-headed ogre
 12248 | D:9      | Reached *** piety under Qazlal
 12887 | D:9      | Found a staircase to the Lair.
 13236 | Lair:1   | Entered Level 1 of the Lair of Beasts
 13236 | Lair:1   | Noticed a six-headed hydra
 13243 | Lair:1   | Slain by a six-headed hydra

Illustrated notes

Levels and vault maps discovered:
D:1:      dpeg_arrival_rhombus, layout_basic
D:2:      layout_loops_ring, dreamdust_ecumenical_altar_statues,
          chequers_serial_rivers_small_a, minmay_misc_feat_enclosed,
          uniq_natasha, uniq_robin, uniq_terence
D:3:      layout_rooms, led_sif_pool, serial_shops, shop,
          kennysheep_minor_cross, uniq_crazy_yiuf_cottage
D:4:      minmay_opposing_rooms, layout_rooms, mainiacjoe_overflow_24_doors,
          temple_pool_b, nicolae_shop_fire_sale [nicolae_sub_dead_trees]
D:5:      minmay_diamond_boxcup, layout_cave_pods, uniq_sigmund, uniq_ijyb
D:6:      gammafunk_steamed_eel, layout_basic, nicolae_ossuary_entry_monument,
          chequers_serial_rivers_small_b, kennysheep_generic_room_4
D:7:      layout_basic, serial_shops, shop
D:8:      layout_layer_cave, gammafunk_ghost_grave, amethyst_killhole,
          uniq_joseph
D:9:      layout_irregular_city, erik_lair_island
Temple:   mainiacjoe_temple_big_plus
Lair:1:   layout_cave_pods, beast_lair_carwin_4, grunt_megastairs_1,
          serial_bayou_shore_b, uniq_gastronok

Skill      XL: |  1  2  3  4  5  6  7  8  9 10 11 |
---------------+----------------------------------+-----
Dodging        | 1 2 |  2.2
Evocations     | 4 5 6 |  6.1
Spellcasting   | 1 2 |  2.0
Shields        | 2 4 5 6 8 10 11 | 11.7
Throwing       | 1 2 3 |  3.0
Fighting       | 2 3 |  3.0
Staves         | 1 3 6 8 10 11 | 11.4
Stealth        | 2 |  2.0
Invocations    | 1 2 |  2.0
Armour         | 3 |  3.0

Action                   |  1- 3 |  4- 6 |  7- 9 | 10-12 || total
-------------------------+-------+-------+-------+-------++-------
Melee: Club              |    43 |       |       |       ||    43
       Dagger            |   103 |   100 |       |       ||   203
       Trident           |       |    20 |       |       ||    20
       Unarmed           |       |    16 |       |       ||    16
       Quarterstaff      |       |    21 |   334 |   278 ||   633
Throw: Dart              |       |     4 |       |     4 ||     8
       Throwing net      |       |     2 |       |       ||     2
Evoke: Piece from Xom's  |    16 |     1 |     7 |     4 ||    28
       Wand              |     2 |     2 |     4 |     2 ||    10
       Lightning rod     |       |       |       |     4 ||     4
  Use: Scroll            |     4 |     2 |     8 |     5 ||    19
       Potion            |     1 |     3 |     3 |     1 ||     8
 Stab: Sleeping          |     3 |       |       |       ||     3
       Paralysed         |     2 |       |       |       ||     2
       Petrifying        |     1 |     1 |     1 |       ||     3
       Petrified         |       |       |     3 |       ||     3
       Confused          |       |       |     1 |       ||     1
Armor: Leather armour    |     9 |       |       |       ||     9
       Plate armour      |    62 |    92 |   251 |   100 ||   505
       Troll leather arm |       |       |       |     5 ||     5
Dodge: Dodged            |    45 |    24 |    95 |    66 ||   230
Block: Tower shield      |       |    39 |       |   281 ||   320
       Kite shield       |       |    17 |   208 |    19 ||   244

Table legend: (Time is in decaauts)
 A = Elapsed time spent in this place.
 B = Non-inter-level travel time spent in this place.
 C = Inter-level travel time spent in this place.
 D = Time resting spent in this place.
 E = Time spent auto-exploring this place.
 F = Levels seen in this place.
 G = Mean time per level.
                   A        B        C        D        E       F      G
               +--------+--------+--------+--------+--------+-----+--------+
         Total |  13324 |  12588 |    736 |   3381 |   6858 |  12 | 1110.3 |
       Dungeon |  12480 |  11795 |    685 |   3219 |   6347 |   9 | 1386.7 |
        Temple |    443 |    392 |     51 |      0 |    386 |   1 |  443.0 |
          Lair |      6 |      6 |      0 |      0 |      0 |   1 |    6.0 |
       Ossuary |    393 |    393 |      0 |    162 |    125 |   1 |  393.0 |
               +--------+--------+--------+--------+--------+-----+--------+

Top non-repeatable levels by time:
     D:2: 2063 daAuts
     D:8: 1775 daAuts
     D:1: 1719 daAuts
     D:5: 1534 daAuts
     D:9: 1473 daAuts
     D:6: 1084 daAuts
     D:4: 1047 daAuts
     D:3: 913 daAuts
     D:7: 868 daAuts
  Temple: 443 daAuts
 Ossuary: 393 daAuts
  Lair:1: 6 daAuts
